 Dungeon Crawl Stone Soup version 0.20-a0-1116-gaa52201 (webtiles) character file.

24173 Eeee the Basher (level 13, -5/104 HPs)
             Began as a Human Artificer on May 7, 2017.
             Was a Follower of Uskayaw.
             Slain by a hornet (10 damage)
             ... while paralysed by a hornet
             ... on level 2 of the Lair of Beasts on May 8, 2017.
             The game lasted 00:48:50 (25407 turns).

Eeee the Basher (Human Artificer)                  Turns: 25407, Time: 00:48:51

Health: -5/104     AC: 16    Str: 17    XL:     13   Next: 40%
Magic:  19/19      EV:  2    Int: 12    God:    Uskayaw [*.....]
Gold:   771        SH:  0    Dex: 14    Spells: 12/12 levels left

rFire    + . .     SeeInvis +   a - +0 dire flail
rCold    . . .     Gourm    +   (shield currently unavailable)
rNeg     . . .     Faith    .   X - +2 scale mail "Axiss" {Slay+3}
rPois    .         Spirit   .   n - +0 helmet
rElec    .         Reflect  .   l - +2 cloak
rCorr    .         Harm     .   (no gloves)
MR       .....                  i - +0 pair of boots
Stlth    ..........             q - amulet of the gourmand
Regen    0.3/turn               c - ring of see invisible
MPRegen  0.2/turn               Y - ring of protection from fire

@: paralysed, lethally poisoned (-5 -> -15), slowed
A: no striking features
a: Stomp, Renounce Religion


You were on level 2 of the Lair of Beasts.
You worshipped Uskayaw.
Uskayaw was aware of your devotion.
You were completely stuffed.

You visited 3 branches of the dungeon, and saw 14 of its levels.
You also visited: Ice Cave.

You collected 771 gold pieces.

Inventory:

Hand Weapons
 a - a +0 dire flail (weapon)
 b - a +0 blowgun
 W - a +1 flail of protection
Missiles
 v - 56 poisoned needles
 w - 6 throwing nets
 J - 4 poisoned javelins
 K - 4 javelins (quivered)
Armour
 i - a +0 pair of boots (worn)
 l - a +2 cloak (worn)
 n - a +0 helmet (worn)
 x - a +0 crystal plate armour
 B - the +5 ring mail of Dishonour {Regen+ Int+2, unknown}
   (You found it on level 10 of the Dungeon)

   It affects your intelligence (+2).
   It increases your rate of regeneration.
 X - the +2 scale mail "Axiss" (worn) {Slay+3}
   (You found it on level 8 of the Dungeon)

   It affects your accuracy and damage with ranged weapons and melee attacks
   (+3).
Jewellery
 c - a ring of see invisible (left hand)
 q - an amulet of the gourmand (around neck)
 Y - a ring of protection from fire (right hand)
Wands
 d - a wand of enslavement (12/24)
 e - a wand of random effects (8/48)
 o - a wand of digging (6/24)
 z - a wand of confusion (22/48)
 P - a wand of iceblast (7/15)
 T - a wand of enslavement (8/24)
 U - a wand of iceblast (7/15)
 V - a wand of paralysis (6/24)
Scrolls
 g - a scroll of acquirement {unknown}
 h - 3 scrolls of vulnerability
 m - 2 scrolls of teleportation
 u - 2 scrolls of blinking {unknown}
 y - a scroll of recharging {unknown}
 C - a scroll of enchant weapon {unknown}
 E - 3 scrolls of remove curse
 F - a scroll of fear {unknown}
 G - a scroll of enchant armour {unknown}
 N - a scroll of amnesia {unknown}
 O - a scroll of silence {unknown}
Potions
 k - a potion of might {unknown}
 r - 4 potions of haste
 s - 3 potions of curing
 t - 2 potions of lignification
 A - a potion of mutation {unknown}
 D - 3 potions of brilliance
 I - 2 potions of berserk rage {unknown}
 M - a potion of flight
 R - a potion of invisibility
 S - a potion of degeneration {unknown}
 Z - a potion of magic {unknown}
Miscellaneous
 p - a sack of spiders
Comestibles
 f - 9 bread rations
 j - 10 meat rations
 H - 6 fruits
 L - a chunk of flesh


   Skills:
 + Level 10.5 Fighting
   Level 1.0 Short Blades
 - Level 14.2 Maces & Flails
 - Level 8.1 Armour
 - Level 2.0 Dodging
 - Level 1.0 Stealth
 - Level 9.2 Invocations
 - Level 6.5 Evocations


You had 12 spell levels left.
You didn't know any spells.

Dungeon Overview and Level Annotations

Branches:
Dungeon (11/15)            Temple (1/1) D:6            Lair (2/6) D:8
  Swamp: Lair:2-4    Shoals: Lair:2-4     Snake: Lair:2-4    Spider: Lair:2-4
    Orc: D:9-12

Altars:
Ashenzari
Cheibriados
Dithmenos
Fedhas
Gozag
Hepliaklqana
Kikubaaqudgha
Nemelex Xobeh
Okawaru
Qazlal
Ru
Sif Muna
Trog
Uskayaw
Vehumet
Wu Jian
Xom
Yredelemnul
Zin
The Shining One

Shops:
D:6 :

Annotations:
D:4 exclusion: downstairs
D:5 exclusion: downstairs
D:9 exclusion: downstairs
D:11 Josephine


Message History

You barely miss the hornet.
The hornet is severely wounded.
You feel sick. The hornet stings you.
You are more poisoned.
You feel as though you will be slow longer.
The crocodile bites you!
* * * LOW HITPOINT WARNING * * *
You miss the hornet.
The hornet is severely wounded.
You feel sick. The hornet stings you!
* * * LOW HITPOINT WARNING * * *
You feel as though you will be slow longer.
The crocodile bites you.
* * * LOW HITPOINT WARNING * * *
The hornet stings you.
* * * LOW HITPOINT WARNING * * *
You suddenly lose the ability to move!
* * * LOW HITPOINT WARNING * * *
You feel sick. The hornet stings you!
You die...

##...#### ###...........# ##...##
#............## ###...##
####'''###...# ###...(##
######♣....P8#####* #.#...##
#♣P..#♣........#,,,, ###.....#
#P...'........<#,,,, .##...######
#....'...P≈≈...#*,,,
#....#.###.###....♣♣.P≈≈≈P.P♣**,,
.............##÷@###♣#♣###♣##***+
.............♣♣tyP#PP≈≈≈≈≈≈,**,,,
.......>.....♣♣.†P♣..P≈≈≈P.,+,,,,
##.>.####.##.#♣.†.#.....♣..,+,,,,
#....########≈...♣.......,,*,,,,
#PP...## #≈≈..♣....⌠.S,,*,,,*
###....## #≈≈....y.PF♣,,,,,,**
###...#####≈≈≈.........*,,,,**
#....#.##≈≈≈≈≈≈P.....,,,,,,*


You could see a hornet and a crocodile.

Vanquished Creatures
  Gastronok (Lair:1)
  Harold (Lair:1)
  Erica (D:10)
  2 two-headed ogres
  Pikel (D:6)
  2 cyclopes (D:11)
  3 spiny frogs
  3 black mambas
  A gargoyle (D:11)
  A kobold demonologist (D:11)
  9 polar bears
  2 hippogriffs
  18 yaks
  Sigmund (D:6)
  A wraith (D:11)
  A wyvern (D:8)
  A steam dragon (D:11)
  Grum (D:8)
  2 hungry ghosts
  Edmund (D:6)
  A soldier ant (D:10)
  7 water moccasins
  5 porcupines
  3 sky beasts
  4 orc warriors
  3 slaves
  2 black bears
  An eye of draining (D:9)
  11 ice beasts
  3 phantoms
  6 ogres
  7 centaurs
  4 wolves
  4 crocodiles
  2 big kobolds
  10 bullfrogs
  Blork the orc (D:6)
  A gnoll sergeant (D:6)
  2 wyvern skeletons
  10 scorpions
  10 killer bees
  5 howler monkeys
  5 crimson imps
  A centaur zombie (D:9)
  2 bullfrog zombies
  10 hounds
  6 jellies
  A centaur skeleton (D:10)
  9 orc priests
  2 bullfrog skeletons
  A gnoll shaman (D:6)
  3 iguanas
  9 orc wizards
  11 worker ants
  A hound zombie (D:5)
  A hound skeleton (D:7)
  24 gnolls
  27 adders
  A shadow imp (D:8)
  2 oozes
  An adder skeleton (D:9)
  An adder zombie (D:6)
  4 worms
  2 dart slugs
  11 leopard geckos
  37 orcs
  8 giant cockroaches
  13 goblins
  14 hobgoblins
  12 jackals
  16 kobolds
  4 quokkas
  8 ball pythons
  7 bats
  9 frilled lizards
  A leopard gecko skeleton (D:5)
  A quokka skeleton (D:4)
  7 rats
  2 plants (D:8)
429 creatures vanquished.

Vanquished Creatures (others)
  A polar bear (IceCv)
  3 yaks (IceCv)
  A hungry ghost (D:10)
  A slave (D:7)
  6 wolves (IceCv)
  13 fungi
  8 plants
33 creatures vanquished.

Grand Total: 462 creatures vanquished

Notes
Turn   | Place    | Note
-------+----------+-------------------------------------------
     0 | D:1      | Eeee the Human Artificer began the quest for the Orb.
     0 | D:1      | Reached XP level 1. HP: 15/15 MP: 3/3
   187 | D:1      | Reached XP level 2. HP: 3/21 MP: 4/4
   558 | D:1      | Reached XP level 3. HP: 14/26 MP: 4/6
  1477 | D:1      | Reached XP level 4. HP: 23/32 MP: 7/7
  2351 | D:2      | Found a faded altar of an unknown god.
  2374 | D:2      | Reached skill level 5 in Evocations
  2452 | D:2      | Found a deep blue altar of Sif Muna.
  2701 | D:2      | Reached XP level 5. HP: 34/37 MP: 8/8
  3939 | D:3      | Noticed an ice beast
  3956 | D:3      | Killed an ice beast
  3956 | D:3      | Reached XP level 6. HP: 14/43 MP: 10/10
  4694 | D:3      | Reached skill level 1 in Maces & Flails
  5262 | D:3      | Reached skill level 2 in Maces & Flails
  5539 | D:3      | Reached XP level 7. HP: 12/48 MP: 11/11
  5798 | D:3      | Reached skill level 3 in Maces & Flails
  6409 | D:3      | Reached skill level 4 in Maces & Flails
  6720 | D:3      | Found a shattered altar of Ashenzari.
  6882 | D:4      | Found a hide-covered altar of Uskayaw.
  6955 | D:4      | Became a worshipper of Uskayaw the Reveler
  7042 | D:4      | Reached * piety under Uskayaw
  7051 | D:4      | Reached ** piety under Uskayaw
  7052 | D:4      | Reached skill level 5 in Maces & Flails
  7056 | D:4      | Reached *** piety under Uskayaw
  7460 | D:4      | Reached XP level 8. HP: 51/54 MP: 12/12
  7602 | D:4      | Reached skill level 6 in Maces & Flails
  8090 | D:4      | Found a hazy altar of Hepliaklqana.
  8095 | D:4      | Found an opulent altar of Gozag.
  8134 | D:4      | Found a shadowy altar of Dithmenos.
  8173 | D:4      | Found an iron altar of Okawaru.
  8312 | D:5      | Entered Level 5 of the Dungeon
  8619 | D:5      | Found a sacrificial altar of Ru.
  8666 | D:5      | Got a bloodstained leather armour
  8677 | D:5      | Identified the +0 leather armour "Viygiul" {Str+3} (You found it on level 5 of the Dungeon)
  8711 | D:5      | Reached skill level 7 in Maces & Flails
  9346 | D:5      | Reached skill level 8 in Maces & Flails
  9565 | D:4      | Upgraded the game from 0.20-a0-1114-g33edf32 to 0.20-a0-1116-gaa52201
  9607 | D:5      | Reached XP level 9. HP: 75/75 MP: 12/15
 10039 | D:6      | Noticed Sigmund
 10048 | D:6      | Killed Sigmund
 10048 | D:6      | Reached XP level 10. HP: 72/82 MP: 16/16
 10061 | D:6      | Found a shimmering altar of Xom.
 10273 | D:6      | Reached **** piety under Uskayaw
 10279 | D:6      | Reached skill level 9 in Maces & Flails
 10296 | D:6      | Reached ***** piety under Uskayaw
 10554 | D:6      | Found Laak's Book Emporium.
 10631 | D:6      | Found an ornate altar of the Wu Jian Council.
 10640 | D:6      | Found a staircase to the Ecumenical Temple.
 10685 | D:6      | Noticed Edmund
 10701 | D:6      | Killed Edmund
 10744 | Temple   | Entered the Ecumenical Temple
 10805 | D:6      | Noticed Blork the orc
 10813 | D:6      | Killed Blork the orc
 11192 | D:7      | Noticed Pikel
 11434 | D:6      | Paralysed by Pikel for 6 turns
 11448 | D:6      | Killed Pikel
 11448 | D:6      | Reached skill level 10 in Maces & Flails
 12227 | D:7      | Found an opulent altar of Gozag.
 12696 | D:7      | Found a glowing golden altar of the Shining One.
 12764 | D:7      | Found a blossoming altar of Fedhas.
 13083 | D:8      | Noticed Grum
 13601 | D:8      | Reached XP level 11. HP: 71/87 MP: 17/17
 13671 | D:8      | Killed Grum
 13671 | D:8      | Reached skill level 11 in Maces & Flails
 13812 | D:8      | Found a bloodstained altar of Trog.
 13946 | D:8      | Noticed a two-headed ogre
 13967 | D:8      | Killed a two-headed ogre
 14178 | D:8      | HP: 4/87 [porcupine (14)]
 14960 | D:8      | Found a staircase to the Lair.
 15265 | D:8      | Reached skill level 12 in Maces & Flails
 15519 | D:8      | Got a bloodstained scale mail
 15540 | D:8      | Identified the +2 scale mail "Axiss" {Slay+3} (You found it on level 8 of the Dungeon)
 15606 | Lair:1   | Entered Level 1 of the Lair of Beasts
 15616 | Lair:1   | Noticed Harold
 16205 | Lair:1   | Killed Harold
 16251 | Lair:1   | Noticed Gastronok
 17817 | D:9      | Reached skill level 13 in Maces & Flails
 18055 | D:10     | Entered Level 10 of the Dungeon
 18327 | D:10     | Found a radiant altar of Vehumet.
 18360 | D:10     | Reached XP level 12. HP: 81/94 MP: 18/18
 18970 | D:10     | Noticed Erica
 19667 | D:10     | Got a slimy ring mail
 20273 | D:10     | Killed Erica
 20273 | D:10     | Reached skill level 14 in Maces & Flails
 20555 | D:10     | Noticed a two-headed ogre
 20564 | D:10     | Killed a two-headed ogre
 20676 | D:11     | Found a blossoming altar of Fedhas.
 20722 | D:11     | Reached skill level 1 in Armour
 21720 | D:11     | Noticed Josephine
 21734 | D:11     | HP: 4/94 [wraith[Josephine] (7)]
 22258 | Lair:1   | Killed Gastronok
 22258 | Lair:1   | Reached skill level 5 in Armour
 22975 | Lair:1   | Reached XP level 13. HP: 40/99 MP: 19/19
 23502 | Lair:2   | Found a frozen archway.
 23756 | IceCv    | Entered an ice cave
 24397 | IceCv    | Reached skill level 10 in Fighting
 25390 | Lair:2   | Paralysed by a hornet for 3 turns
 25397 | Lair:2   | Paralysed by a hornet for 1 turns
 25406 | Lair:2   | Paralysed by a hornet for 1 turns
 25407 | Lair:2   | HP: 5/104 [poisoned by a hornet]
 25407 | Lair:2   | Slain by a hornet

Vault maps used:
D:1:      dpeg_arrival_court, st_stairs_7
D:2:      lemuel_blue_sif_altar, chequers_ecumenical_altar_simple, first_bread
D:3:      kb_forest_paths, marbit_many_paths, minmay_snake_closets
D:4:      amethyst_overflow_temple_binary, nicolae_overflow_crystal_walls,
          nicolae_dithmenos_the_darkroom, kennysheep_mini_moat
D:5:      overflow_temple_1_default
D:6:      overflow_temple_1_default, lemuel_doored_altar,
          minmay_temple_entry_butterflies, serial_shops,
          nicolae_shop_temple_entry_statues_fountains, uniq_blork_the_orc,
          uniq_edmund, uniq_sigmund
D:7:      kennysheep_mini, basic_altar, nicolae_gozag_seed_capital, uniq_pikel
D:8:      lemuel_coloured_pillars_altar, grunt_lair_entry_orc_guard_hut,
          uniq_grum
D:9:      grunt_ogre_cave
D:10:     basic_altar, grunt_decor_one_mirror,
          eino_small_chamber_without_monster, uniq_psyche, uniq_erica
D:11:     hiddenorc1_lemuel, fedhas_altar_3, uniq_josephine
Temple:   eino_wide_crystal_templ
Lair:1:   cheibrodos_lair_caveside_slide, cheibrodos_lair_lostbears,
          uniq_harold, uniq_gastronok
Lair:2:   cheibrodos_lair_overgrown_chateau, portal_ice_cave_entry_ice_beasts,
          basic_altar
IceCv:    ice_cave_caverns_02

Skill      XL: |  1  2  3  4  5  6  7  8  9 10 11 12 13 |
---------------+----------------------------------------+-----
Evocations     | 4 5 6 |  6.5
Maces & Flails | 2 5 8 10 13 14 | 14.2
Fighting       | 8 10 | 10.5
Invocations    | 9 |  9.2
Armour         | 7 8 |  8.1
Short Blades   | |  1.0
Dodging        | |  2.0
Stealth        | |  1.0

Action                   |  1- 3 |  4- 6 |  7- 9 | 10-12 | 13-15 || total
-------------------------+-------+-------+-------+-------+-------++-------
Melee: Short sword       |   143 |   204 |       |       |       ||   347
       Mace              |       |   117 |    67 |       |       ||   184
       Flail             |       |       |   304 |   666 |       ||   970
       Dire flail        |       |       |       |   369 |   181 ||   550
 Fire: Blowgun           |       |    35 |    89 |    90 |       ||   214
Throw: Javelin           |       |       |       |     9 |     8 ||    17
Invok: Stomp             |       |       |       |     3 |       ||     3
       Line Pass         |       |       |       |     2 |       ||     2
Evoke: Wand              |     3 |    12 |     3 |    11 |     2 ||    31
       Sack of spiders   |       |       |       |     3 |       ||     3
  Use: Scroll            |       |     4 |     5 |     9 |     2 ||    20
       Potion            |       |       |     2 |     7 |     6 ||    15
 Stab: Paralysed         |       |       |     2 |    41 |    16 ||    59
       Sleeping          |       |       |       |     3 |       ||     3
       Confused          |       |       |       |     1 |       ||     1
       Invisible         |       |       |       |       |     3 ||     3
  Eat: Chunk             |     2 |    22 |    16 |    57 |     8 ||   105
       Royal jelly       |       |       |       |     1 |       ||     1
Armor: Leather armour    |    10 |    44 |   164 |   206 |       ||   424
       Ring mail         |    42 |    77 |       |       |       ||   119
       Scale mail        |       |       |       |   211 |    73 ||   284
       Skin              |       |       |       |     2 |       ||     2
Dodge: Dodged            |   111 |   214 |   313 |   445 |    83 ||  1166
